 Dungeon Crawl Stone Soup version 0.19.0-2-gae57169 (webtiles) character file.

3002 TitanofWar the Grappler (level 9, -12/84 HPs)
             Began as a Troll Monk on Nov 6, 2016.
             Was an Elder of Yredelemnul.
             Mangled by a hornet (14 damage)
             ... on level 8 of the Dungeon.
             The game lasted 00:36:22 (6210 turns).

TitanofWar the Grappler (Troll Monk)                Turns: 6210, Time: 00:36:33

Health: -12/84     AC: 11    Str: 27    XL:     9   Next: 54%
Magic:  10/10      EV: 12    Int:  8    God:    Yredelemnul [****..]
Gold:   451        SH:  0    Dex: 13    Spells: 0 memorised, 8 levels left

rFire  . . .     SeeInvis .       - Unarmed
rCold  . . .     Gourm    +     G - +0 steam dragon scales
rNeg   . . .     Faith    .     (no shield)
rPois  .         Spirit   .     (helmet restricted)
rElec  .         Reflect  .     r - +2 cloak
rCorr  .         Harm     .     (gloves unavailable)
MR     .....                    (boots unavailable)
Stlth  ++........               c - amulet of magic regeneration
                                (no ring)
                                v - +4 ring of strength

@: lethally poisoned (-12 -> -14), about to teleport, slowed, very slow
A: unfitting armour, claws 3, clever 1, fast metabolism 3, gourmand,
regeneration 1, shaggy fur 1, tough skin 2
a: Recall Undead Slaves, Injury Mirror, Animate Dead, Drain Life, Renounce
Religion


You were on level 8 of the Dungeon.
You worshipped Yredelemnul.
Yredelemnul was greatly pleased with you.
You were not hungry.

You visited 2 branches of the dungeon, and saw 9 of its levels.

You collected 541 gold pieces.
You spent 90 gold pieces at shops.

Inventory:

Armour
 a - a +0 robe
 r - a +2 cloak (worn)
 y - a +2 cloak
 G - +0 steam dragon scales (worn)
Jewellery
 c - an amulet of magic regeneration (around neck)
 g - the ring of the Purple Skies {rF+ MP+9 Int+4 Stlth+, unknown}
   (You found it on level 8 of the Dungeon)

   [ring of stealth]

   It affects your intelligence (+4).
   It protects you from fire.
   It affects your magic capacity (+9).
   It makes you more stealthy.
 v - a +4 ring of strength (left claw)
 w - an uncursed ring of protection from fire {unknown}
Scrolls
 e - a scroll of amnesia
 f - 9 scrolls of identify
 i - 4 scrolls of enchant weapon
 k - a scroll of recharging
 l - a scroll of immolation
 o - a scroll of magic mapping
 p - a scroll of remove curse
 q - a scroll of teleportation
Potions
 d - 2 potions of agility {unknown}
 j - 2 potions of might {unknown}
 m - 5 potions of curing
 s - 2 potions of heal wounds {unknown}
 t - a potion of brilliance {unknown}
 x - 2 potions of flight {unknown}
 z - a potion of mutation {unknown}
 B - a potion of cure mutation {unknown}
 D - a potion of cancellation {unknown}
 E - a potion of berserk rage {unknown}
 F - 2 potions of lignification {unknown}
Books
 A - a book of Minor Magic

   Spells                             Type                      Level
   a - Magic Dart                     Conjuration                  1
   b - Blink                          Translocation                2
   c - Call Imp                       Summoning                    2
   d - Repel Missiles                 Charms/Air                   2
   e - Slow                           Hexes                        2
   f - Conjure Flame                  Conjuration/Fire             3
   g - Mephitic Cloud                 Conjuration/Poison/Air       3
Comestibles
 b - 7 bread rations
 h - 5 meat rations
 n - a beef jerky


   Skills:
 + Level 4.0 Fighting
 + Level 5.4 Dodging
 + Level 2.8 Stealth
 + Level 10.0 Unarmed Combat
 + Level 3.8 Invocations


You had 8 spell levels left.
You didn't know any spells.

Dungeon Overview and Level Annotations

Branches:
Dungeon (8/15)             Temple (1/1) D:4            Lair (0/6) D:8

Altars:
Ashenzari
Cheibriados
Dithmenos
Elyvilon
Fedhas
Gozag
Kikubaaqudgha
Makhleb
Nemelex Xobeh
Okawaru
Qazlal
Ru
Sif Muna
Trog
Uskayaw
Vehumet
Xom
Yredelemnul
Zin
The Shining One

Shops:
D:4 *


Innate Abilities, Weirdness & Mutations

You are too large for most types of armour.
You have claws for hands.
Your metabolism is lightning-fast.
You like to eat raw meat.
Your natural rate of healing is unusually fast.
You are covered in fur. (AC +1)
You have very tough skin. (AC +2)
Your mind is acute. (Int +2)


Message History

What kind of item would you like to acquire? (\ to view known items)
Something appears at your feet!
You feel sick. The hornet completely misses you. The hornet stings you!
* * * LOW HITPOINT WARNING * * *
You are more poisoned.
You feel as though you will be slow longer.
The hornet barely misses you.
You feel better.
The hornet stings you but does no damage.
The hornet stings you.
* * * LOW HITPOINT WARNING * * *
You feel as though you will be slow longer.
As you read the scroll of teleportation, it crumbles to dust.
You feel strangely unstable. The hornet stings you!
* * * LOW HITPOINT WARNING * * *
You are lethally poisoned!
You feel as though you will be slow longer.
The hornet stings you!
You die...
Your body rises from the dead as a mindless zombie.

,,>,,,*,* *,*,*********,#.##
,****,*,* #.#..,,,,,,,*,#.#
,,,,,,*,*******#.#.#******,*,#.#
,,***,*,**,,,,*#.#.# *##*,*,#.#
,,* *,*,**,,,,*#.#.# *..,,*,#.#
,,* *,*,*#,,,,*#.#.# *.#***,#.#
,,* *,*,*#.,,,*#.#.####.#***,#.#
,,* *,*,*#..,,*#.#....#.#,,,,#.##
,,* *,*,*#...,*#@#......#,,..#...
,,***,*,##....##y#.##.###....#...
,,,,,,,,......)).<(...(......#...
,****,*,##....#######.###...##...
,,***,*,*#...,* #Z# ***###...
,,,,,,*,*#..,,* #.# #...
,,,,,,,,*############.########...
,******** #......ZZ.........#...
,* #.######Z#..........##


You could see a hornet.

Vanquished Creatures
  Sigmund (D:3)
  Eustachio (D:5)
  A steam dragon (D:8)
  Duvessa (D:7)
  2 orc warriors (D:8)
  Purgy (D:4)
  A sky beast (D:8)
  2 necrophages
  2 phantoms (D:5)
  3 ogres
  A crocodile (D:8)
  A centaur (D:5)
  A big kobold (D:7)
  4 bullfrogs
  Dowan (D:7)
  A crimson imp (D:7)
  3 hounds
  4 orc priests
  Crazy Yiuf (D:3)
  A bullfrog skeleton (D:4)
  3 centaur skeletons
  Jessica (D:2)
  An iguana (D:7)
  Ijyb (D:2)
  Natasha (twice) (D:2)
  7 orc wizards
  A worker ant (D:6)
  A hound zombie (D:7)
  A hound skeleton (D:6)
  10 adders
  A shadow imp (D:5)
  An ooze (D:2)
  An adder skeleton (D:6)
  An adder zombie (D:7)
  2 worms
  4 dart slugs
  2 leopard geckos
  29 orcs
  3 ball pythons
  4 bats
  6 giant cockroaches
  11 goblins
  9 hobgoblins
  11 jackals
  8 kobolds
  4 quokkas
  3 frilled lizards
  A jackal skeleton (D:5)
  2 leopard gecko skeletons (D:4)
  2 quokka skeletons
  11 rats
177 creatures vanquished.

Vanquished Creatures (collateral kills)
  A crimson imp (D:6)
  A hound (D:8)
  A jelly (D:6)
  A bullfrog skeleton (D:7)
  A worker ant (D:7)
  5 orcs
  3 jackals
  5 kobolds (D:7)
18 creatures vanquished.

Vanquished Creatures (others)
  A bullfrog zombie (D:8)
  A hound zombie (D:8)
  A steam dragon zombie (D:8)
  An iguana zombie (D:7)
  3 jackal zombies (D:5)
  5 kobold zombies (D:7)
  12 orc zombies
24 creatures vanquished.

Grand Total: 219 creatures vanquished

Notes
Turn   | Place    | Note
-------+----------+-------------------------------------------
     0 | D:1      | TitanofWar the Troll Monk began the quest for the Orb.
     0 | D:1      | Reached XP level 1. HP: 22/22 MP: 0/0
   322 | D:1      | Reached XP level 2. HP: 29/29 MP: 1/1
   520 | D:1      | Reached XP level 3. HP: 36/36 MP: 2/2
   886 | D:2      | Noticed Jessica
   892 | D:2      | Killed Jessica
   892 | D:2      | Reached XP level 4. HP: 41/44 MP: 3/3
   964 | D:2      | Noticed Natasha
   992 | D:2      | Killed Natasha
   992 | D:2      | Reached skill level 4 in Unarmed Combat
  1041 | D:2      | Found an iron altar of Okawaru.
  1045 | D:2      | Noticed Ijyb
  1063 | D:2      | Killed Ijyb
  1063 | D:2      | Reached XP level 5. HP: 47/53 MP: 4/4
  1135 | D:2      | Noticed Natasha
  1138 | D:2      | Killed Natasha
  1320 | D:3      | Found a runed door.
  1384 | D:3      | Noticed Crazy Yiuf
  1386 | D:3      | Killed Crazy Yiuf
  1539 | D:3      | Found a faded altar of an unknown god.
  1682 | D:3      | Noticed Sigmund
  1699 | D:3      | Killed Sigmund
  1699 | D:3      | Reached skill level 5 in Unarmed Combat
  1699 | D:3      | Reached XP level 6. HP: 51/61 MP: 5/5
  1845 | D:4      | Found Nunuz's General Store.
  1856 | D:4      | Reached skill level 6 in Unarmed Combat
  1856 | D:4      | Reached XP level 7. HP: 42/67 MP: 6/6
  1862 | D:4      | Bought a scroll of enchant armour for 90 gold pieces
  2132 | D:4      | Found a staircase to the Ecumenical Temple.
  2266 | D:4      | Noticed Purgy
  2273 | D:4      | Killed Purgy
  2334 | D:5      | Entered Level 5 of the Dungeon
  2671 | D:5      | Noticed Eustachio
  2693 | D:5      | Killed Eustachio
  2693 | D:5      | Reached skill level 7 in Unarmed Combat
  2711 | D:5      | Reached XP level 8. HP: 32/75 MP: 7/7
  2935 | D:5      | Found a radiant altar of Vehumet.
  2936 | D:5      | Found a sparkling altar of Nemelex Xobeh.
  3011 | Temple   | Entered the Ecumenical Temple
  3462 | Temple   | Became a worshipper of Yredelemnul the Dark
  3462 | Temple   | Reached * piety under Yredelemnul
  3462 | Temple   | Reached ** piety under Yredelemnul
  3709 | D:5      | Reached skill level 8 in Unarmed Combat
  3894 | D:5      | Found a shattered altar of Ashenzari.
  3896 | D:5      | Found a deep blue altar of Sif Muna.
  3900 | D:5      | Found a hide-covered altar of Uskayaw.
  4388 | D:6      | Reached skill level 1 in Invocations
  4735 | D:6      | Reached *** piety under Yredelemnul
  4784 | D:6      | Found a burning altar of Makhleb.
  5017 | D:7      | Reached skill level 9 in Unarmed Combat
  5082 | D:7      | Reached XP level 9. HP: 82/83 MP: 10/10
  5390 | D:7      | Noticed Duvessa
  5390 | D:7      | Noticed Dowan
  5406 | D:7      | Killed Duvessa
  5430 | D:7      | Killed Dowan
  5430 | D:7      | Reached skill level 5 in Dodging
  5708 | D:8      | Reached **** piety under Yredelemnul
  6016 | D:8      | Got a fine granite ring
  6179 | D:8      | Reached skill level 10 in Unarmed Combat
  6204 | D:8      | Gained mutation: Your mind is acute. (Int +2) [mutagenic meat]
  6208 | D:8      | Identified a scroll of acquirement
  6210 | D:8      | HP: 2/84 [hornet (13)]
  6210 | D:8      | Mangled by a hornet

Skill      XL: |  1  2  3  4  5  6  7  8  9 |
---------------+----------------------------+-----
Dodging        | 3 4 5 |  5.4
Fighting       | 3 4 |  4.0
Unarmed Combat | 4 5 6 7 9 10 | 10.0
Stealth        | 2 |  2.8
Invocations    | 3 |  3.8

Action                   |  1- 3 |  4- 6 |  7- 9 || total
-------------------------+-------+-------+-------++-------
Melee: Unarmed           |    96 |   128 |   318 ||   542
       Punch             |       |     3 |    19 ||    22
Invok: Animate Remains   |       |       |    13 ||    13
       Recall Undead Sla |       |       |     9 ||     9
       Animate Dead      |       |       |    14 ||    14
  Use: Scroll            |       |       |    15 ||    15
       Potion            |       |       |     2 ||     2
 Stab: Sleeping          |     3 |     2 |     5 ||    10
  Eat: Chunk             |     4 |    17 |    30 ||    51
       Bread ration      |       |       |     3 ||     3
       Beef jerky        |       |       |     1 ||     1
Armor: Robe              |    43 |    41 |   129 ||   213
       Steam dragon scal |       |       |    16 ||    16
Dodge: Dodged            |    39 |    64 |   166 ||   269
